 Dungeon Crawl Stone Soup version 0.28.0 (webtiles) character file.

Game seed: 8715921733367419760

4 Descartes the Chucker (level 1, -1/18 HPs)
             Began as a Formicid Wanderer on Feb 12, 2022.
             Slain by a quokka (2 damage)
             ... on level 1 of the Dungeon.
             The game lasted 00:00:37 (174 turns).

Descartes the Chucker (Formicid Wanderer)            Turns: 174, Time: 00:00:37

Health: -1/18      AC:  3    Str: 14    XL:     1   Next: 77%
Magic:  1/1        EV: 11    Int: 11    God:
Gold:   12         SH:  0    Dex: 12    Spells: 0/0 levels left

rFire   . . .      SeeInvis +   a - +2 dagger
rCold   . . .      Faith    .   (no shield)
rNeg    . . .      Spirit   .   e - +0 leather armour
rPois   .          Reflect  .   (helmet unavailable)
rElec   .          Harm     .   (no cloak)
rCorr   .          Rampage  .   (no gloves)
Will    .....                   (no boots)
Stlth   +.........              (no amulet)
HPRegen 0.06/turn               (no ring)
MPRegen 0.07/turn               (no ring)

@: no status effects
A: permanent stasis, dig shafts and tunnels, antennae 3, four strong arms
a: Dig, Shaft Self


You were on level 1 of the Dungeon.
You visited 1 branch of the dungeon, and saw 1 of its levels.

You collected 12 gold pieces.

Inventory:

Hand Weapons
 a - a +2 dagger (weapon)
 c - a +0 mace
 g - a +0 whip
Missiles
 b - 3 curare-tipped darts (quivered)
 f - 5 poisoned darts
Armour
 e - a +0 leather armour (worn)
Potions
 d - a potion of curing


   Skills:
 + Level 3.3 Fighting
 + Level 2.1 Maces & Flails
 - Level 4.0 Throwing
 + Level 0.3 Armour
 + Level 0.2 Spellcasting
 + Level 1.2 Evocations


You couldn't memorise any spells.
You didn't know any spells.
Your spell library was empty.

Dungeon Overview and Level Annotations

Branches:
Dungeon (1/15)

Altars:

Shops:
D:1 (


Innate Abilities, Weirdness & Mutations

You cannot be hasted, slowed, berserked, paralysed or teleported.
You can dig through walls and to a lower floor.
You have a pair of large antennae on your head. (SInv)
Your four strong arms can wield two-handed weapons with a shield.


Message History

You closely miss the bat.
The bat is moderately wounded.
The bat hits you but does no damage.
You miss the bat.
The bat is moderately wounded.
The bat hits you but does no damage. x2
You hit the bat.
You kill the bat!
You hit the quokka but do no damage. The quokka closely misses you.
You miss the quokka.
The quokka bites you but does no damage.
The quokka closely misses you.
You completely miss the quokka.
The quokka bites you but does no damage.
You hit the quokka but do no damage. The quokka misses you.
You closely miss the quokka. The quokka barely misses you.
You completely miss the quokka. The quokka bites you.
You hit the quokka.
The quokka is heavily wounded.
The quokka barely misses you.
The quokka bites you but does no damage.
You barely miss the quokka.
The quokka is heavily wounded.
The quokka misses you.
You hit the quokka.
The quokka is almost dead.
The quokka bites you.
* * * LOW HITPOINT WARNING * * *
You closely miss the quokka.
The quokka is almost dead.
The quokka bites you.
* * * LOW HITPOINT WARNING * * *
You barely miss the quokka.
The quokka is almost dead.
The quokka bites you.
* * * LOW HITPOINT WARNING * * *
You barely miss the quokka.
The quokka is almost dead.
The quokka bites you.
You die...

..........≈#
##.∩.#...#
.#######..##
#........#
.#.....#..##
#..#.....+
.#.....#...#
#........#
.+.....'..#.♣
#....)...#
.#...<.#...♣#
#........#
.#.....#..#♣
#........####
.#######..#
#######.†.....#
... ...#
#...@r..#####.#
....
...♣##.####### .
♣#♣.♣ ♣###.#.#
.. #...#
###♣♣######.####
..........#....#
....##..#.###.##
.##.....#.# #.#
.#........# #.#


You could see a quokka.

Vanquished Creatures
  2 bats (D:1)
  2 kobolds (D:1)
  A rat (D:1)
5 creatures vanquished.

Notes
Turn   | Place    | Note
-------+----------+-------------------------------------------
     0 | D:1      | Descartes the Formicid Wanderer began the quest for the
                  | Orb.
     0 | D:1      | Descartes set off with the following items: a +2 dagger, 3
                  | curare-tipped darts, a +0 mace, a potion of curing, a +0
                  | leather armour
     0 | D:1      | Reached XP level 1. HP: 18/18 MP: 1/1
   138 | D:1      | Found Oryeb's Weapon Shop.
   174 | D:1      | Slain by a quokka

Illustrated notes

Levels and vault maps discovered:
D:1:      saegor_arrival_under_anarchy, layout_basic,
          hellmonk_ecumenical_altar_leap_of_faith, serial_shops,
          nicolae_shop_stone, nicolae_shop_bloodbath_and_beyond,
          nicolae_shop_advertising_works [nicolae_subvault_shop_adworks]

Action                   || total
-------------------------++-------
Melee: Dagger            ||    38
Armor: Leather armour    ||    23
Dodge: Dodged            ||    26
